 Dungeon Crawl Stone Soup version 0.30-b1-2-g02819fbbbe (webtiles) character file.

Game seed: 8351375890828194684

30 Alarkh the Sneak (level 3, 13/29 HPs)
             Began as a Demonspawn Delver on May 22, 2023.
             Quit the game on level 5 of the Dungeon.
             The game lasted 00:01:33 (223 turns).

Alarkh the Sneak (Demonspawn Delver)                 Turns: 223, Time: 00:01:34

Health: 13/29      AC:  3    Str: 12    XL:     3   Next: 3%
Magic:  3/3        EV: 11    Int: 13    God:
Gold:   11         SH:  0    Dex: 14    Spells: 2/2 levels left

rFire   . .          .
                       - Unarmed
rCold   . . .        (no shield)
rNeg    . . .        a - +0 leather armour
rPois   .            (no helmet)
rElec   .            (no cloak)
rCorr   .            (no gloves)
SInv    .            (no boots)
Will    .....        (no amulet)
Stlth   ++           (no ring)
HPRegen 0.24/turn    (no ring)
MPRegen 0.16/turn

%: no passive effects
@: on berserk cooldown, slowed, very slow
A: spiny 1, magic regeneration
a: no special abilities


You were on level 5 of the Dungeon.
You visited 1 branch of the dungeon, and saw 3 of its levels.

You collected 11 gold pieces.

Inventory:

Missiles
 i - 3 boomerangs (quivered)
Armour
 a - a +0 leather armour (worn)
Wands
 f - a wand of digging (3)
Scrolls
 b - a scroll of fog
 c - a scroll of magic mapping
 d - a scroll of fear
 g - a scroll of immolation {unknown}
Potions
 e - a potion of haste


   Skills:
 - Level 3.0 Fighting
 - Level 1.7 Dodging
 - Level 4.5 Stealth
 + Level 3.2 Unarmed Combat


You had 2 spell levels left.
You didn't know any spells.
Your spell library was empty.

Dungeon Overview and Level Annotations

Branches:
Dungeon (7/15)             Temple (0/1) D:6

Altars:

Shops:
D:5 *


Innate Abilities, Weirdness & Mutations

You are partially covered in sharp spines.
You regenerate magic rapidly.


Message History

You throw a boomerang.
The boomerang closely misses the iguana.
Throw: 3 boomerangs
Press: ? - help, Q - select action Shift-Dir - straight line, f/p - iguana
Aim: an iguana (63% to hit)
You throw a boomerang. The boomerang hits the iguana.
The iguana is lightly wounded.
Throw: 3 boomerangs
Press: ? - help, Q - select action Shift-Dir - straight line, f/p - iguana
Aim: an iguana (lightly wounded, 63% to hit)
You throw a boomerang.
The boomerang hits the iguana but does no damage.
The iguana is lightly wounded.
It was a potion of berserk rage.
A red film seems to cover your vision as you go berserk!
You feel yourself moving faster!
You feel mighty! The iguana bites you.
You hit the iguana.
The iguana is lightly wounded.
You punch the iguana!
The iguana is severely wounded.
The iguana bites you!
You punch the iguana!
You kill the iguana!
Your Unarmed Combat skill increases to level 3!
You have reached level 2!
Your demonic ancestry asserts itself...
Sharp spines emerge from parts of your body.
You have reached level 3!
Your experience leads to an increase in your attributes!
Increase (S)trength, (I)ntelligence, or (D)exterity?
You feel clever. x2; Your demonic ancestry asserts itself...
Your magic begins to regenerate rapidly.
You see here an iguana corpse.
You start resting.
You feel a strong urge to attack something.
You start resting.
You feel your anger nearly subside.
You are no longer berserk.
You are exhausted.
You feel yourself slow down.
Are you sure you want to abandon this character and quit the game? (Confirm with "yes".)

#############
#..)..@.....# ##
###.#########.#
.########..........
........l.#.#######
...##...###.#
##......###.#.#
...##†.........
.#####.####.#.# .#
#.# #.#


There were no monsters in sight!

Vanquished Creatures
  An iguana (D:5)
  A dart slug (D:5)
  An orc (D:5)
3 creatures vanquished.

Notes
Turn   | Place    | Note
-------+----------+-------------------------------------------
     0 | D:5      | Alarkh the Demonspawn Delver began the quest for the Orb.
     0 | D:5      | Reached XP level 1. HP: 18/18 MP: 1/1
    38 | D:5      | Noticed an iguana
    65 | D:6      | Noticed a jelly
    73 | D:6      | Noticed a black bear
    73 | D:6      | Noticed a black bear
    73 | D:6      | Noticed a sky beast
    76 | D:6      | Found a staircase to the Ecumenical Temple.
    98 | D:6      | Noticed an ogre
   101 | D:6      | Noticed a sleepcap
   113 | D:5      | Noticed a scorpion
   113 | D:5      | Noticed a scorpion
   113 | D:5      | Found Semaliemum's Lightly-Used Armoury.
   206 | D:5      | Noticed an iguana
   218 | D:5      | Killed an iguana
   219 | D:5      | Gained mutation: You are partially covered in sharp spines.
                  | [demonic ancestry]
   219 | D:5      | Reached XP level 2. HP: 15/24 MP: 2/2
   219 | D:5      | Gained mutation: You regenerate magic rapidly. [demonic
                  | ancestry]
   219 | D:5      | Reached XP level 3. HP: 18/29 MP: 3/3
   223 | D:5      | Quit the game

Illustrated notes

Levels and vault maps discovered:
D:5:      layout_loops_ring, minmay_shop_damaged
D:6:      layout_cave_pools, mainiacjoe_overflow_alcove_1, marbit_many_paths,
          minmay_temple_entry_grid
D:7:      layout_basic

Skill      XL: |  1 |
---------------+----+-----
Unarmed Combat | 3 |  3.2
Fighting       | |  3.0
Dodging        | |  1.7
Stealth        | |  4.5

Action                     || total
---------------------------++-------
  Melee: Unarmed           ||     8
  Throw: Boomerang         ||    11
    Use: Scroll            ||     2
         Potion            ||     1
